 Dungeon Crawl Stone Soup version 0.31.0-12-g77e489cdc1 (webtiles) character file.

Game seed: 12213497999739088651

692 ChrisAssaf the Sneak (level 7, -9/58 HPs)
             Began as a Black Draconian Brigand on Feb 14, 2024.
             Was a Believer of Jiyva.
             Mangled by a gnoll sergeant
             ... wielding a +0 trident
              (14 damage)
             ... on level 5 of the Dungeon.
             The game lasted 00:13:54 (3978 turns).

ChrisAssaf the Sneak (Black Draconian Brigand)      Turns: 3978, Time: 00:13:55

Health: -9/58      AC:  8    Str: 14    XL:     7   Next: 36%
Magic:  10/10      EV: 12    Int: 13    God:    Jiyva [**....]
Gold:   21         SH:  0    Dex: 12    Spells: 10/10 levels left

rFire   . . .        m - +3 short sword (venom)
rCold   . . .        (no shield)
rNeg    . . .        (body armour unavailable)
rPois   .            (helmet restricted)
rElec   +            b - +1 cloak
rCorr   +            (no gloves)
SInv    .            (no boots)
Will    .....        (no amulet)
Stlth   +++          (no ring)
HPRegen 1.25/turn    (no ring)
MPRegen 0.60/turn

%: no passive effects
@: short of breath, weakened
A: breathe lightning, AC +6, unfitting armour, electricity resistance,
cold-blooded, antennae 1, screaming 1, no potion heal 1
a: Breathe Lightning, Renounce Religion


You were on level 5 of the Dungeon.
You worshipped Jiyva.
Jiyva was pleased with you.
You visited 1 branch of the dungeon, and saw 5 of its levels.
You also visited: Sewer.

You collected 117 gold pieces.
You spent 96 gold pieces at shops.

Inventory:

Hand Weapons
 m - a +3 short sword of venom (weapon)
Missiles
 d - 3 curare-tipped darts
 f - 2 poisoned darts (quivered)
 k - 2 boomerangs
Armour
 b - a +1 cloak (worn)
Scrolls
 c - a scroll of vulnerability
 j - a scroll of amnesia
 l - a scroll of teleportation
Potions
 e - 2 potions of might {unknown}
 i - a potion of magic {unknown}


   Skills:
 * Level 3.9 Fighting
 * Level 4.5 Short Blades
 + Level 2.5 Throwing
 * Level 2.9 Dodging
 * Level 5.4 Stealth
 * Level 2.1 Spellcasting


You had 10 spell levels left.
You didn't know any spells.
Your spell library contained the following spells:

 Spells                   Type           Power      Damage    Failure   Level
 Dazzling Flash           Conj/Hex       2%         N/A       58%         3
 Volatile Blastmotes      Fire/Tloc      2%         2d10      58%         3
 Starburst                Conj/Fire      0%         6d3       100%        6
 Maxwell's Capacitive Co  Air            0%         ∞         100%        8


Dungeon Overview and Level Annotations

Branches:
Dungeon (5/15)             Temple (0/1) D:4           Sewer (visited)

Altars:
Ashenzari
Cheibriados
Trog

Shops:
D:4 !


Innate Abilities, Weirdness & Mutations

You can breathe wild blasts of lightning.
Your glossy black scales are hard. (AC +6)
You cannot fit into any form of body armour.
You are resistant to electric shocks. (rElec)
You are cold-blooded and may be slowed by cold attacks.
You have a pair of small antennae on your head.
You occasionally shout uncontrollably at your foes.
Potions are less effective at restoring your health.


Message History

* * * LOW HITPOINT WARNING * * *
The gnoll attacks as it pursues you!
The gnoll hits you with a +0 whip of pain.
* * * LOW HITPOINT WARNING * * *
You writhe in agony.
* * * LOW HITPOINT WARNING * * *
Your system partially rejects the healing.
You feel much better.
The gnoll sergeant hits you from afar with a +0 trident.
* * * LOW HITPOINT WARNING * * *
The gnoll sergeant hits you from afar with a +0 trident!
* * * LOW HITPOINT WARNING * * *
The gnoll bouda calls upon its god to heal the gnoll.
The gnoll's wounds heal themselves!
The centaur shoots an arrow.
The arrow closely misses you.
Unknown command.
Your system partially rejects the healing.
You feel better. The gnoll hits you but does no damage.
The centaur shoots an arrow.
The arrow hits you.
* * * LOW HITPOINT WARNING * * *
The gnoll sergeant barely misses you.
The gnoll bouda gazes fiercely through you!
You feel your attacks grow feeble.
Your system partially rejects the healing.
You feel better.
The centaur shoots an arrow.
The arrow hits you but does no damage. The gnoll closely misses you.
The gnoll sergeant misses you.
The gnoll bouda hits you with a +0 club!
* * * LOW HITPOINT WARNING * * *
The centaur shoots an arrow.
The arrow closely misses you.
The arrow completely misses the gnoll bouda.
Okay, then.
Okay, then.
Okay, then.
You completely miss the gnoll bouda.
The gnoll bouda is almost dead.
The gnoll sergeant is no longer moving quickly.
The gnoll closely misses you.
The gnoll sergeant hits you from afar with a +0 trident!
You die...

.#. # #..# ..# ...
.#?.#.. ........
#.##..#.####
#........g.# #
#....#...g@# #
#.#...#....).##.#
...#######gc..#
#..#..#...{..#..#
.##..#...#........#
................####
####..#####c#)###
#####..#####.)[#
............(.##


You could see a gnoll sergeant, a centaur, a gnoll bouda (very poisoned) and a
gnoll (swift, very poisoned).

Vanquished Creatures
  2 bullfrogs
  2 bombardier beetles
  2 jellies (Sewer)
  4 iguanas
  A sleepcap (D:4)
  Terence (D:2)
  Robin (D:2)
  12 adders
  8 gnolls
  3 ribbon worms
  A dart slug (D:1)
  5 orcs (D:2)
  9 ball pythons
  6 bats
  12 endoplasms
  5 giant cockroaches
  10 goblins
  2 hobgoblins
  3 kobolds
  2 quokkas
  9 frilled lizards
  8 rats
108 creatures vanquished.

Vanquished Creatures (others)
  A bombardier beetle (D:4)
  A sleepcap (D:4)
  A gnoll (D:3)
  2 adders
  2 endoplasms
  3 goblins
  A hobgoblin (D:3)
  2 jackals (D:4)
  A ball python (D:3)
  3 bats
  A kobold (D:3)
18 creatures vanquished.

Grand Total: 126 creatures vanquished

Notes
Turn   | Place    | Note
-------+----------+-------------------------------------------
     0 | D:1      | ChrisAssaf the Draconian Brigand began the quest for the
                  | Orb.
     0 | D:1      | Reached XP level 1. HP: 17/17 MP: 1/1
   308 | D:1      | Reached skill level 1 in Dodging
   308 | D:1      | Reached XP level 2. HP: 24/24 MP: 2/2
   535 | D:1      | Reached skill level 4 in Stealth
  1345 | D:2      | Reached XP level 3. HP: 30/30 MP: 3/3
  1384 | D:3      | Found a glowing drain.
  1408 | D:3      | Noticed a bullfrog
  1411 | Sewer    | Entered a sewer
  1672 | Sewer    | Reached XP level 4. HP: 33/37 MP: 3/5
  1716 | Sewer    | Found a viscous altar of Jiyva.
  1719 | Sewer    | Reached skill level 1 in Spellcasting
  1733 | Sewer    | Became a worshipper of Jiyva Jomy the Shapeless
  1826 | D:3      | Killed a bullfrog
  1827 | D:3      | Reached XP level 5. HP: 22/45 MP: 6/6
  2090 | D:3      | Reached XP level 6. HP: 49/51 MP: 8/8
  2654 | D:2      | Noticed Terence
  2669 | D:2      | Killed Terence
  2775 | D:2      | Reached * piety under Jiyva
  2803 | D:2      | Found a faded altar of an unknown god.
  2814 | D:2      | Noticed Robin
  2830 | D:2      | Killed Robin
  3445 | D:4      | Found a snail-covered altar of Cheibriados.
  3464 | D:4      | Found a staircase to the Ecumenical Temple.
  3475 | D:4      | Reached ** piety under Jiyva
  3557 | D:4      | Found Kaasuid's Distillery.
  3569 | D:4      | Bought a potion of mutation for 96 gold pieces
  3569 | D:4      | Gained mutation: Potions are less effective at restoring
                  | your health. [potion of mutation]
  3569 | D:4      | Gained mutation: You occasionally shout uncontrollably at
                  | your foes. [potion of mutation]
  3569 | D:4      | Gained mutation: You have a pair of small antennae on your
                  | head. [potion of mutation]
  3615 | D:4      | Reached skill level 5 in Stealth
  3638 | D:4      | Found a bloodstained altar of Trog.
  3651 | D:4      | Your scales start taking on a glossy black colour.
  3651 | D:4      | Reached XP level 7. HP: 45/58 MP: 9/9
  3651 | D:4      | Gained mutation: You are resistant to electric shocks.
                  | (rElec) [Black Draconian growth]
  3877 | D:5      | Entered Level 5 of the Dungeon
  3883 | D:5      | Found a broken altar of Ashenzari.
  3929 | D:5      | HP: 2/58 [bullfrog (5)]
  3978 | D:5      | Mangled by a gnoll sergeant

Illustrated notes

Levels and vault maps discovered:
D:1:      scummos_arrival_star, layout_loops_corners, st_stairs_9,
          kennysheep_boxes
D:2:      layout_loops_ring, ebering_ecumenical_altar_abandoned,
          roderic_three_in_a_row, uniq_terence, uniq_robin
D:3:      layout_loops_ring, cheibrodos_sewer_entry_sluice
D:4:      layout_basic, kennysheep_mini_moat,
          mainiacjoe_overflow_small_starburst, temple_pool_b, serial_shops, shop
D:5:      layout_loops_ring, mainiacjoe_overflow_cross_hatched, serial_shops,
          nicolae_shop_advertising_works [nicolae_subvault_shop_adworks],
          enter_ossuary_1, hangedman_decor_riveting, minmay_misc_feat_diagonals,
          nicolae_twisty_statue_hallways, uniq_menkaure

Skill      XL: |  1  2  3  4  5  6  7 |
---------------+----------------------+-----
Dodging        | 1 2 |  2.9
Stealth        | 4 5 |  5.4
Short Blades   | 3 4 |  4.5
Fighting       | 3 |  3.9
Spellcasting   | 1 2 |  2.1
Throwing       | 2 |  2.5

Action                     |  1- 3 |  4- 6 |  7- 9 || total
---------------------------+-------+-------+-------++-------
  Melee: Dagger            |    98 |   101 |       ||   199
         Tailslap          |    17 |    20 |     6 ||    43
         Punch             |       |     2 |       ||     2
         Short sword       |       |    21 |    33 ||    54
  Throw: Dart              |    21 |    28 |       ||    49
Ability: Breathe Lightning |       |       |     4 ||     4
    Use: Scroll            |     7 |     3 |     1 ||    11
         Potion            |       |     1 |     4 ||     5
   Stab: Sleeping          |       |    11 |       ||    11
 Armour: Skin              |    63 |    95 |    49 ||   207
  Dodge: Dodged            |    70 |    89 |    40 ||   199
